 Dungeon Crawl Stone Soup version 0.30-a0-358-g0d69a1922f (webtiles) character file.

Game seed: 12760857169609258291

76 hikkokomori the Grasshopper (level 4, -7/28 HPs)
             Began as a Tengu Warper on Nov 11, 2022.
             Killed by nerve-wracking pain
             ... invoked by Grinder
              (12 damage)
             ... on level 3 of the Dungeon.
             The game lasted 00:03:24 (1678 turns).

hikkokomori the Grasshopper (Tengu Warper)          Turns: 1678, Time: 00:03:24

Health: -7/28      AC:  3    Str: 12    XL:     4   Next: 32%
Magic:  3/3        EV: 12    Int: 15    God:
Gold:   120        SH:  0    Dex: 13    Spells: 8/8 levels left

rFire   . . .      SeeInvis .    j - +2 spear (antimagic)
rCold   . . .      Faith    .    (no shield)
rNeg    . . .      Spirit   .    b - +0 leather armour
rPois   .          Reflect  .    (helmet restricted)
rElec   .          Harm     .    (no cloak)
rCorr   .          Rampage  .    (no gloves)
Will    .....                    (boots unavailable)
Stlth   +.........               (no amulet)
HPRegen 0.24/turn                (no ring)
MPRegen 0.08/turn                (no ring)

@: no status effects
A: beak, talons 3
a: no special abilities


You were on level 3 of the Dungeon.
You visited 1 branch of the dungeon, and saw 3 of its levels.

You collected 120 gold pieces.

Inventory:

Hand Weapons
 a - a +0 mace
 j - a +2 antimagic spear (weapon)
Missiles
 d - 6 boomerangs of dispersal (quivered)
Armour
 b - a +0 leather armour (worn)
Jewellery
 f - a +4 ring of slaying
Scrolls
 e - a scroll of identify
 h - a scroll of brand weapon
 k - a scroll of enchant armour
 l - a scroll of poison {unknown}


   Skills:
 + Level 3.0 Fighting
 - Level 2.1 Maces & Flails
 - Level 1.0 Throwing
 - Level 1.1 Armour
 - Level 2.1 Dodging
 + Level 2.9 Spellcasting
 + Level 3.1 Translocations


You had 8 spell levels left.
You didn't know any spells.
Your spell library contained the following spells:

 Spells                   Type           Power      Damage    Failure   Level
 Blink                    Tloc           22%        N/A       11%         2
 Lesser Beckoning         Tloc           22%        N/A       22%         3
 Teleport Other           Tloc           11%        N/A       22%         3
 Cigotuvi's Dreadful Rot  Necr/Pois/Air  4%         N/A       36%         2
 Poisonous Vapours        Pois/Air       4%         N/A       36%         2
 Vhi's Electric Charge    Tloc/Air       12%        N/A       38%         3
 Manifold Assault         Tloc           11%        N/A       56%         4
 Mephitic Cloud           Conj/Pois/Air  2%         N/A       61%         3


Dungeon Overview and Level Annotations

Branches:
Dungeon (3/15)

Altars:
Trog

Annotations:
D:3 Grinder


Innate Abilities, Weirdness & Mutations

You have a beak for a mouth.
You have claws for feet.


Message History

Grinder is moderately wounded.
Unknown command.
You hit Grinder but do no damage.
Grinder is moderately wounded.
Grinder hits you.
You hit Grinder.
Grinder's magic leaks into the air.
Grinder is moderately wounded.
Grinder falters for a moment.
You hit Grinder but do no damage.
Grinder is moderately wounded.
Grinder hits you!
* * * LOW HITPOINT WARNING * * *
You writhe in agony.
* * * LOW HITPOINT WARNING * * *
You hit Grinder.
Grinder's magic leaks into the air.
Grinder is moderately wounded.
Grinder falters for a moment.
You feel much better. Grinder completely misses you.
You closely miss Grinder.
Grinder is moderately wounded.
Grinder closely misses you. Grinder hits you but does no damage.
You hit Grinder.
Grinder's magic leaks into the air.
You peck Grinder.
Grinder is heavily wounded.
Grinder hits you!
You writhe in agony.
You barely miss Grinder. You claw Grinder. You peck Grinder.
Grinder is severely wounded.
Grinder barely misses you.
You barely miss Grinder. You claw Grinder.
Grinder is severely wounded.
Grinder falters for a moment.
You barely miss Grinder. Your kick misses Grinder. Your peck misses Grinder.
Grinder is severely wounded.
Grinder gestures at you. Pain shoots through your body!
* * * LOW HITPOINT WARNING * * *
You hit Grinder but do no damage. You claw Grinder! You peck Grinder.
Grinder is almost dead.
Grinder gestures at you. Pain shoots through your body!
You die...

,,,,,,,,*
,,,,,,,,********
,,,,,,,,,,,,,,,*
,,,,,,,,*****#,*
,,,,,,,,* #.*
******,**#####.###
***,*,........#
*,,,*,****#,#5#
*,***,*
#.#@#########
****,***,*
#..).......<#
,,,,,,**,*
###.#########
****,,**,* #.#
****,,**,******#.#
,,,,,,,,,,,,,,,.>#
*****,,*,******#.#
,,,,,,,,,* #.#
**,,,***,** #.#


You could see Grinder (magic disrupted).

Vanquished Creatures
  3 gnolls
  2 adders (D:2)
  A dart slug (D:1)
  An orc (D:3)
  A ball python (D:1)
  6 bats
  4 endoplasms
  4 goblins (D:1)
  A hobgoblin (D:2)
  3 frilled lizards
  A kobold (D:1)
  2 rats
29 creatures vanquished.

Notes
Turn   | Place    | Note
-------+----------+-------------------------------------------
     0 | D:1      | hikkokomori the Tengu Warper began the quest for the Orb.
     0 | D:1      | Reached XP level 1. HP: 12/12 MP: 4/4
    92 | D:1      | Reached XP level 2. HP: 16/17 MP: 6/6
   151 | D:1      | Found a faded altar of an unknown god.
   605 | D:2      | Reached XP level 3. HP: 19/22 MP: 7/7
  1301 | D:3      | Noticed a water moccasin
  1301 | D:3      | Found a bloodstained altar of Trog.
  1427 | D:2      | Reached XP level 4. HP: 8/27 MP: 9/9
  1656 | D:3      | Noticed Grinder
  1659 | D:3      | Paralysed by Grinder for 5 turns
  1670 | D:3      | HP: 1/28 [Grinder (5)]
  1678 | D:3      | Killed from afar by Grinder

Illustrated notes

Levels and vault maps discovered:
D:1:      minmay_arrival_solitary_statue, layout_rooms,
          shapermc_ecumenical_altar_venn, minmay_fountain_box
D:2:      layout_basic
D:3:      layout_basic, lemuel_crystal_altar, portal_sewer_entry_d, uniq_grinder

Skill      XL: |  1  2  3  4 |
---------------+-------------+-----
Translocations | 3 |  3.1
Fighting       | 3 |  3.0
Maces & Flails | |  2.1
Throwing       | |  1.0
Armour         | |  1.1
Dodging        | |  2.1
Spellcasting   | |  2.9

Action                   |  1- 3 |  4- 6 || total
-------------------------+-------+-------++-------
Melee: Mace              |    62 |     3 ||    65
       Kick              |    11 |     6 ||    17
       Peck              |     6 |     4 ||    10
       Spear             |       |    12 ||    12
       Punch             |       |     1 ||     1
Throw: Boomerang         |     1 |       ||     1
  Use: Potion            |     1 |     1 ||     2
       Scroll            |     1 |     4 ||     5
 Stab: Sleeping          |     1 |       ||     1
Armor: Leather armour    |    26 |     1 ||    27
Dodge: Dodged            |    51 |     6 ||    57

Table legend: (Time is in decaauts)
 A = Elapsed time spent in this place.
 B = Non-inter-level travel time spent in this place.
 C = Inter-level travel time spent in this place.
 D = Time resting spent in this place.
 E = Time spent auto-exploring this place.
 F = Levels seen in this place.
 G = Mean time per level.
                   A        B        C        D        E       F      G
               +--------+--------+--------+--------+--------+-----+--------+
         Total |   1698 |   1480 |    218 |    135 |   1080 |   3 |  566.0 |
       Dungeon |   1698 |   1480 |    218 |    135 |   1080 |   3 |  566.0 |
               +--------+--------+--------+--------+--------+-----+--------+

Top non-repeatable levels by time:
     D:2: 1003 daAuts
     D:1: 660 daAuts
     D:3: 35 daAuts
